AoeStats
← kirdneh.p

Arabia

507723154Analyzed
1v1 RM · 13d ago on Sep 19, 2026· 48m 5s· 2 players
Game mode
Random Map
Map size
Tiny (2 player)
Population
200
Speed
Normal
Resources
Standard
Victory
Conquest
Starting age
Dark Age
Ending age
Imperial Age
RankedLock teamsTeams togetherTeam positionsShared explorationLock speedFull tech treeHidden civsTurbo modeCheats
Victory
Defeat
🇩🇪 Vikings · Germany
1087
+15
🇪🇸 Berbers · Spain
1069
-15
Mollin
4:53 Loom
10:03 Feudal Age
11:22 Double-Bit Axe
13:26 Horse Collar
20:39 Castle Age
18:59 Scale Barding Armor
20:21 Bloodlines
20:28 Forging
23:03 Scale Mail Armor
23:23 Husbandry
23:44 Heavy Plow
24:54 Bow Saw
26:02 Chain Barding Armor
27:13 Iron Casting
27:35 Light Cavalry
28:56 Gold Mining
35:12 Wheelbarrow
36:30 Hand Cart
40:39 Fletching
40:50 Padded Archer Armor
43:49 Imperial Age
41:01 Elite Skirmisher
41:40 Bodkin Arrow
42:32 Leather Archer Armor
42:59 Ballistics
44:11 Cavalier
47:01 Crop Rotation
kirdneh.p
7:46 Loom
10:28 Feudal Age
11:17 Double-Bit Axe
15:23 Fletching
22:11 Castle Age
21:12 Padded Archer Armor
22:15 Crossbowman
23:00 Bodkin Arrow
24:06 Leather Archer Armor
25:25 Pikeman
37:29 Imperial Age
37:31 Arbalester
38:14 Scale Mail Armor
38:24 Forging
39:26 Chain Mail Armor
40:47 Ring Archer Armor
41:04 Town Watch
41:02 Horse Collar
42:29 Iron Casting
45:20 Bracer
47:21 Ballistics
48:02 Chemistry
47:44 Plate Mail Armor
Connection lost

Rejoining the realm…

Still unreachable

The connection could not be restored.

Session expired

The server has moved on; the page needs a fresh start.